 Dungeon Crawl Stone Soup version 0.18.1-50-g88ac8fd (console) character file.

8357 sorlin the Covert (level 11, -3/79 HPs)
             Began as a Formicid Artificer on Sept 26, 2016.
             Was an Elder of Dithmenos.
             Slain by a seven-headed hydra (8 damage)
             ... on level 11 of the Dungeon.
             The game lasted 01:25:32 (19194 turns).

sorlin the Covert (Formicid Artificer)             Turns: 19194, Time: 01:25:33

Health: -3/79      AC:  9    Str: 16    XL:     11   Next: 54%
Magic:  18/18      EV: 16    Int: 12    God:    Dithmenos [****..]
Gold:   156        SH:  0    Dex: 14    Spells: 3 memorised, 4 levels left

rFire  . . .     SeeInvis +     O - +1 dagger (venom)
rCold  . . .     Gourm    .     J - +0 troll leather armour
rNeg   . . .     Faith    .     (no shield)
rPois  .         Spirit   .     (helmet unavailable)
rElec  .         Dismiss  .     (no cloak)
rCorr  .         Reflect  .     s - +2 pair of gloves
SustAt .         Harm     .     W - +1 pair of boots
MR     ++...                    A - amulet of magic regeneration
Stlth  +++++++...               (no ring)
                                u - ring of protection from magic

@: wreathed by umbra, very resistant to hostile enchantments, extremely stealthy
A: permanent stasis, dig shafts and tunnels, four strong arms, antennae 3
a: Dig, Shaft Self, Shadow Step, Renounce Religion


You were on level 11 of the Dungeon.
You worshipped Dithmenos.
Dithmenos was greatly pleased with you.
You were very hungry.

You visited 1 branch of the dungeon, and saw 11 of its levels.
You visited 1 bazaar.

You collected 968 gold pieces.
You spent 812 gold pieces at shops.


Innate Abilities, Weirdness & Mutations

You are under a permanent stasis effect.
You can dig through walls and to a lower floor.
Your four strong arms can wield two-handed weapons with a shield.
You have a pair of large antennae on your head (SInv).


   Skills:
 - Level 5.1 Fighting
 - Level 6.4 Short Blades
   Level 0.0 Polearms
 - Level 1.4 Armour
 + Level 8.3 Dodging
 - Level 12.0 Stealth
 + Level 9.4 Evocations


You had 4 spell levels left.
You knew the following spells:

 Your Spells              Type           Power        Failure   Level  Hunger
a - Call Imp              Summ           #.......     65%         2    ###....
d - Mephitic Cloud        Conj/Pois/Air  #.......     94%         3    ####...
s - Corona                Hex            #......      38%         1    ##.....

Inventory:

Hand Weapons
 a - a +4 dagger of speed
   (You took it off an orc on level 10 of the Dungeon)
 b - a +0 hunting sling
 k - a +0 falchion
 m - a +1 short sword of venom
   (You took it off a kobold on level 9 of the Dungeon)
 O - a +1 dagger of venom (weapon)
   (You bought it in a shop on level 4 of the Dungeon)
Missiles
 i - 47 sling bullets
 j - 190 stones (quivered)
 w - 2 throwing nets
 z - 5 curare-tipped needles
Armour
 s - a +2 pair of gloves (worn)
 t - a +1 robe of the Archmagi
   (You took it off Jessica on level 2 of the Dungeon)
 J - a +0 troll leather armour (worn)
 L - a +1 robe of fire resistance
   (You took it off Erica on level 11 of the Dungeon)
 W - a +1 pair of boots (worn)
Jewellery
 u - a ring of protection from magic (left hand)
 A - an amulet of magic regeneration (around neck)
Wands
 d - a wand of enslavement (1/24)
 f - a wand of lightning (6/15)
 r - a wand of polymorph (0/24)
 v - a wand of iceblast (5/15)
 y - a wand of acid (4/15)
 G - a wand of confusion (11/48)
 H - a wand of teleportation (0/9) {!d}
 K - a wand of polymorph (13/24)
 M - a wand of digging (10/24)
Scrolls
 c - a scroll of fog
 n - a scroll of recharging
 q - a scroll of holy word {!r}
 E - 2 scrolls of remove curse
 F - 3 scrolls of enchant weapon
 P - a scroll of immolation {unknown}
 R - a scroll of fear {!r}
 T - a scroll of amnesia
Potions
 e - a potion of cure mutation {!q}
 h - a potion of might {!q}
 o - 3 potions of magic {!q}
 p - 4 potions of curing
 B - a potion of flight
 I - 2 potions of lignification {!q}
 Q - 3 potions of heal wounds {!q}
 U - 2 potions of agility {!q}
 V - a potion of resistance {!q}
Books
 g - a book of Debilitation

   Spells                             Type                      Level
   a - Corona                         Hexes                        1
   b - Slow                           Hexes                        2
   c - Gell's Gravitas                Hexes/Translocation          3
   d - Inner Flame                    Hexes/Fire                   3
   e - Cause Fear                     Hexes                        4
   f - Leda's Liquefaction            Hexes/Earth                  4
 l - a book of Minor Magic

   Spells                             Type                      Level
   a - Magic Dart                     Conjuration                  1
   b - Blink                          Translocation                2
   c - Call Imp                       Summoning                    2
   d - Repel Missiles                 Charms/Air                   2
   e - Slow                           Hexes                        2
   f - Conjure Flame                  Conjuration/Fire             3
   g - Mephitic Cloud                 Conjuration/Poison/Air       3
Miscellaneous
 D - a box of beasts {used: 2}
Comestibles
 x - 2 meat rations {!e}
 C - 6 fruits
 N - 4 bread rations {!e}


Message History

The seven-headed hydra is heavily wounded.
The bolt of acid hits the killer bee.
The acid corrodes the killer bee!
You kill the killer bee!
Dithmenos accepts your kill.
This wand has 4 charges left.
Evoke which item? (* to show all) (? for menu, Esc to quit)
You open the lid... ...and a juvenile stingox beast leaps out!
The seven-headed hydra closely misses you.
The seven-headed hydra bites you. The seven-headed hydra misses you.
The seven-headed hydra bites you.
The seven-headed hydra closely misses you.
The seven-headed hydra bites you!
The seven-headed hydra bites you but does no damage.
You take 12 damage.
You are already prepared to dig.
You dig through the rock wall.
This wall is too hard to dig through.
You dig through the rock wall.
You dig through the rock wall.
The seven-headed hydra bites you but does no damage.
The seven-headed hydra misses you. The seven-headed hydra bites you! x2
The seven-headed hydra bites you.
The seven-headed hydra barely misses you.
The seven-headed hydra bites you!
* * * LOW HITPOINT WARNING * * *
You take 32 damage.
Are you sure you want to shaft yourself?
You are feeling very hungry.
Your juvenile stingox beast stings the seven-headed hydra.
Your juvenile stingox beast tramples the seven-headed hydra.
The seven-headed hydra barely misses you.
The seven-headed hydra bites you but does no damage. x2
The seven-headed hydra bites you.
* * * LOW HITPOINT WARNING * * *
The seven-headed hydra bites you!
* * * LOW HITPOINT WARNING * * *
The seven-headed hydra completely misses you.
The seven-headed hydra bites you but does no damage.
Your juvenile stingox beast tramples the seven-headed hydra.
The seven-headed hydra closely misses you.
The seven-headed hydra bites you.
* * * LOW HITPOINT WARNING * * *
The seven-headed hydra bites you!
* * * LOW HITPOINT WARNING * * *
The seven-headed hydra barely misses you.
The seven-headed hydra bites you.
* * * LOW HITPOINT WARNING * * *
The seven-headed hydra closely misses you.
The seven-headed hydra bites you!
You die...

................▒▒▒▒▒'▒▒▒....+
#..y........................#
#...........#########.#.....#
#...(.......# ##.##.....#
#.....).....# #)#####...#
#...........# ##.# #...#
######......# ### #....
#.##....# #.... ##†######
##### ##.## ### ##H###@#
##.#D## ##H## ###


You could see a seven-headed hydra and a friendly juvenile stingox beast.

Vanquished Creatures
  Erica (D:11)
  An unseen horror (D:10)
  2 trolls
  A centaur skeleton (D:10)
  A spriggan (D:9)
  A wyvern (D:8)
  2 hippogriffs (D:10)
  2 yaks (D:9)
  A steam dragon (D:10)
  A hungry ghost (D:8)
  Grum (D:8)
  2 water moccasins (D:9)
  3 sky beasts
  A phantom (D:4)
  7 ogres
  4 orc warriors
  A wasp (D:7)
  A black bear (D:8)
  An ice beast (D:8)
  2 centaurs
  2 wolves
  A crocodile (D:7)
  3 big kobolds (D:9)
  5 giant frogs
  A wyvern skeleton (D:8)
  A water moccasin zombie (D:6)
  A killer bee (D:11)
  2 jellies
  2 howler monkeys
  4 crimson imps
  3 giant frog zombies
  A centaur zombie (D:8)
  A wasp zombie (D:4)
  A gnoll shaman (D:8)
  8 hounds
  A giant frog skeleton (D:7)
  11 orc priests
  15 orc wizards
  Jessica (D:2)
  4 iguanas
  Natasha (twice) (D:2)
  7 worker ants
  2 hound skeletons
  A mummy (D:6)
  A worker ant zombie (D:7)
  10 gnolls
  6 adders
  2 shadow imps
  5 worms
  4 dart slugs
  9 giant geckos
  37 orcs
  A ball python (D:1)
  4 bats
  5 giant cockroaches
  12 goblins
  8 hobgoblins
  6 jackals
  4 quokkas
  A giant gecko skeleton (D:4)
  A giant gecko zombie (D:7)
  9 giant newts
  23 kobolds
  2 kobold zombies (D:6)
  2 orc zombies (D:6)
  A quokka skeleton (D:5)
  A quokka zombie (D:6)
  8 rats
278 creatures vanquished.

Vanquished Creatures (collateral kills)
  An orc wizard (D:8)
  5 orcs
6 creatures vanquished.

Vanquished Creatures (others)
  A komodo dragon (D:8)
  2 yaks (D:9)
  An orc warrior (D:9)
  A killer bee (D:11)
  Natasha (D:2)
  An orc wizard (D:9)
  A gnoll (D:4)
  An orc (D:9)
  11 plants
20 creatures vanquished.

Grand Total: 304 creatures vanquished

Notes
Turn   | Place    | Note
--------------------------------------------------------------
     0 | D:1      | sorlin the Formicid Artificer began the quest for the Orb.
     0 | D:1      | Reached XP level 1. HP: 15/15 MP: 3/3
   200 | D:1      | Reached skill level 2 in Fighting
   239 | D:1      | Reached XP level 2. HP: 19/22 MP: 4/4
  1368 | D:2      | Noticed Jessica
  1372 | D:1      | Reached XP level 3. HP: 28/28 MP: 5/5
  1455 | D:2      | Reached skill level 3 in Fighting
  1525 | D:2      | Found a shadowy altar of Dithmenos.
  1537 | D:2      | Noticed Natasha
  1537 | D:2      | Became a worshipper of Dithmenos the Shadowed
  1558 | D:2      | HP: 6/29 [Natasha/magic dart (7)]
  1560 | D:2      | Your ally died
  1560 | D:2      | Reached skill level 1 in Armour
  1760 | D:2      | Reached XP level 4. HP: 29/35 MP: 6/6
  1838 | D:2      | Killed Jessica
  1918 | D:2      | Reached skill level 2 in Short Blades
  1918 | D:2      | Reached skill level 2 in Stealth
  2097 | D:2      | Found a burning altar of Makhleb.
  2331 | D:2      | Reached XP level 5. HP: 41/41 MP: 7/7
  2483 | D:2      | HP: 11/41 [goblin/uncursed dagger (3)]
  2488 | D:2      | HP: 10/41 [goblin/uncursed dagger (2)]
  2736 | D:2      | Reached * piety under Dithmenos
  2820 | D:2      | Noticed Natasha
  2831 | D:2      | Killed Natasha
  3113 | D:2      | Noticed Natasha
  3123 | D:2      | Killed Natasha
  3123 | D:2      | Reached skill level 3 in Short Blades
  3123 | D:2      | Reached skill level 3 in Stealth
  3398 | D:2      | Reached XP level 6. HP: 45/47 MP: 8/8
  3676 | D:3      | Noticed knot's ghost (amateur DsAs)
  3894 | D:3      | You fall through a shaft for 2 floors!
  3894 | D:5      | Entered Level 5 of the Dungeon
  3894 | D:5      | Found a shimmering altar of Xom.
  3898 | D:5      | Noticed a sky beast
  4146 | D:6      | Reached skill level 4 in Short Blades
  4225 | D:6      | Found a snail-covered altar of Cheibriados.
  4250 | D:6      | Found a staircase to the Ecumenical Temple.
  4521 | D:5      | HP: 12/47 [acid (11)]
  4522 | D:5      | HP: 2/47 [acid (7)]
  4523 | D:5      | You fall through a shaft for 2 floors!
  4523 | D:7      | Noticed an ogre
  5066 | D:7      | Found an opulent altar of Gozag.
  5076 | D:7      | Learned a level 1 spell: Corona
  5132 | D:5      | Reached skill level 4 in Stealth
  5348 | D:5      | Noticed Vietjp's ghost (amateur HOBe)
  5352 | D:5      | You fall through a shaft!
  5365 | D:6      | Reached XP level 7. HP: 51/52 MP: 9/9
  5479 | D:6      | Learned a level 3 spell: Mephitic Cloud
  5497 | D:6      | Reached skill level 5 in Short Blades
  5740 | D:5      | HP: 10/52 [gnoll/flail (15)]
  5925 | D:5      | Found a glowing silver altar of Zin.
  5975 | D:4      | HP: 13/52 [gnoll/spear (6)]
  5978 | D:4      | HP: 2/52 [gnoll/spear (7)]
  5979 | D:4      | You fall through a shaft!
  6643 | D:3      | Noticed Grinder
  6886 | D:4      | Reached skill level 5 in Stealth
  7095 | D:4      | Reached skill level 2 in Dodging
  7321 | D:4      | HP: 12/52 [gnoll/spear (6)]
  7334 | D:4      | Reached ** piety under Dithmenos
  7784 | D:4      | HP: 9/52 [wasp zombie (10)]
  8175 | D:4      | Reached XP level 8. HP: 45/58 MP: 10/10
  8255 | D:4      | Reached skill level 3 in Dodging
  8255 | D:4      | Reached skill level 6 in Stealth
  8390 | D:4      | You fall through a shaft for 2 floors!
  8998 | D:4      | Found Ablur's Antique Weapon Shop.
  9015 | D:4      | Bought a runed dagger for 52 gold pieces
  9747 | D:4      | Reached skill level 4 in Dodging
  9747 | D:4      | Reached skill level 7 in Stealth
 10308 | D:5      | Found a white marble altar of Elyvilon.
 10311 | D:5      | Found a sacrificial altar of Ru.
 10386 | D:5      | Learned a level 2 spell: Call Imp
 10463 | D:5      | Reached skill level 8 in Stealth
 11119 | D:6      | Reached skill level 5 in Dodging
 11119 | D:6      | Reached XP level 9. HP: 51/64 MP: 11/11
 11541 | D:6      | Reached skill level 4 in Fighting
 11664 | D:7      | Reached skill level 9 in Stealth
 11719 | D:7      | Reached skill level 4 in Evocations
 12500 | D:7      | Reached skill level 10 in Stealth
 12500 | D:7      | Reached skill level 5 in Evocations
 12532 | D:7      | Found a bloodstained altar of Trog.
 12953 | D:7      | Found Zoawnat's Food Shoppe.
 13051 | D:7      | Found a blossoming altar of Fedhas.
 13117 | D:7      | Noticed a purple ugly thing
 13308 | D:8      | Reached skill level 5 in Fighting
 13964 | D:8      | Reached XP level 10. HP: 64/74 MP: 13/13
 13995 | D:8      | HP: 15/74 [wyvern skeleton (13)]
 13997 | D:8      | HP: 5/74 [wyvern skeleton (9)]
 14083 | D:8      | Reached skill level 6 in Short Blades
 14083 | D:8      | Reached skill level 11 in Stealth
 14333 | D:8      | Found an ancient bone altar of Kikubaaqudgha.
 14439 | D:8      | Noticed a komodo dragon
 14562 | D:8      | Found an iron altar of Okawaru.
 14592 | D:8      | Found a staircase to the Lair.
 14681 | D:8      | Noticed Grum
 14738 | D:8      | Killed Grum
 14837 | D:8      | Found a shattered altar of Ashenzari.
 15127 | D:8      | Reached *** piety under Dithmenos
 15153 | D:8      | Reached skill level 12 in Stealth
 15467 | D:8      | Killed a troll
 15666 | D:8      | Found Pacyur's Magic Scroll Shop.
 15681 | D:8      | Bought a scroll of teleportation for 36 gold pieces
 15681 | D:8      | Bought a scroll of identify for 24 gold pieces
 15786 | D:8      | Reached skill level 6 in Evocations
 16116 | D:9      | Reached skill level 6 in Dodging
 16463 | D:9      | HP: 22/74 [orc warrior/flail (20)]
 16515 | D:9      | Reached skill level 7 in Evocations
 16800 | D:9      | Reached XP level 11. HP: 41/79 MP: 16/16
 17243 | D:10     | Entered Level 10 of the Dungeon
 17335 | D:10     | Reached skill level 7 in Dodging
 17505 | D:10     | Reached skill level 8 in Evocations
 17698 | D:10     | Reached **** piety under Dithmenos
 17717 | D:10     | Found Tik Ekokak's Magic Scroll Boutique.
 17721 | D:10     | Bought a scroll of identify for 24 gold pieces
 17721 | D:10     | Bought a scroll of identify for 24 gold pieces
 17721 | D:10     | Bought a scroll of identify for 24 gold pieces
 17721 | D:10     | Bought a scroll of identify for 24 gold pieces
 17724 | D:10     | Got a slimy quarterstaff
 18138 | D:10     | Noticed a cyclops
 18430 | D:10     | Noticed an unseen horror
 18462 | D:10     | Killed an unseen horror
 18462 | D:10     | Reached skill level 8 in Dodging
 18462 | D:10     | Reached skill level 9 in Evocations
 18702 | D:11     | Noticed Erica
 18705 | D:11     | Killed Erica
 18768 | D:11     | Found a flickering gateway to a bazaar.
 18802 | Bazaar   | Entered a bazaar
 18806 | Bazaar   | Found Miyra's Food Boutique.
 18825 | Bazaar   | Found Textata's Armour Emporium.
 18843 | Bazaar   | Found Ojyir's Distillery.
 18862 | Bazaar   | Found Syquq's Assorted Antiques.
 18885 | Bazaar   | Bought a scroll of enchant armour for 232 gold pieces
 18885 | Bazaar   | Bought a scroll labeled GYUPLE WOPTI for 31 gold pieces
 18951 | Bazaar   | Bought a potion of agility for 44 gold pieces
 18951 | Bazaar   | Bought a potion of agility for 44 gold pieces
 18951 | Bazaar   | Bought 2 potions of heal wounds for 110 gold pieces
 18951 | Bazaar   | Bought a potion of resistance for 110 gold pieces
 18951 | Bazaar   | Bought a potion of curing for 33 gold pieces
 19101 | D:11     | Found a staircase to the Orcish Mines.
 19177 | D:11     | Noticed a seven-headed hydra
 19194 | D:11     | HP: 20/79 [seven-headed hydra (5)]
 19194 | D:11     | HP: 5/79 [seven-headed hydra (5)]
 19194 | D:11     | Slain by a seven-headed hydra

Vault maps used:
D:1:      scummos_arrival_forest, minmay_misc_feat_more_columns,
          roderic_serpentine_path
D:2:      kennysheep_the_goblin_king, lemuel_doored_altar,
          grunt_dithmenos_smoke, uniq_jessica, uniq_natasha
D:3:      grunt_ministairs_8, uniq_grinder
D:4:      serial_shops, nicolae_shop_behind_doors, minmay_lizard_king
D:5:      overflow_temple_1_default, nicolae_overflow_hidden_temple,
          gammafunk_temple_overflow_statue, first_bread,
          hangedman_decor_clover_reticule
D:6:      kennysheep_slug_shrine, minmay_temple_entry_mist, minmay_mini_ossuary
D:7:      lemuel_round_altar, grunt_gozag_statues,
          lemuel_coloured_pillars_altar, serial_shops, shop
D:8:      kennysheep_mini_moat, old_standard_altar, david_lair_shrubbed,
          serial_shops, shop_statue, basic_altar, uniq_grum
D:9:      minmay_goldmine, grunt_pizzeria
D:10:     serial_shops, shop_scrolls
D:11:     david_orc_3, serial_shops, bzr_in_the_mist,
          gammafunk_pakellas_spire_experiment, uniq_erica
Bazaar:   bazaar_jpeg_circle_common

Action                   |  1- 3 |  4- 6 |  7- 9 | 10-12 || total
-------------------------+-------+-------+-------+-------++-------
Melee: Short sword       |   122 |   353 |   328 |       ||   803
       Dagger            |       |       |   487 |   625 ||  1112
 Fire: Hunting sling     |       |    51 |    53 |    30 ||   134
Throw: Stone             |    30 |    25 |    39 |    49 ||   143
 Abil: Dig               |     4 |    12 |    27 |    21 ||    64
       Shaft Self        |       |     3 |     2 |     1 ||     6
Evoke: Wand              |     2 |       |    11 |    29 ||    42
       Box of beasts     |       |       |       |     2 ||     2
  Use: Scroll            |       |    10 |     5 |    10 ||    25
       Potion            |       |       |     6 |     2 ||     8
 Stab: Sleeping          |       |     1 |    12 |    14 ||    27
       Distracted        |       |       |     3 |     1 ||     4
       Confused          |       |       |       |     6 ||     6
  Eat: Bread ration      |     1 |     2 |       |       ||     3
       Beef jerky        |       |     1 |     1 |       ||     2
       Chunk             |       |     3 |    29 |     8 ||    40
       Pizza             |       |       |     1 |     7 ||     8
Armor: Leather armour    |    17 |       |       |       ||    17
       Scale mail        |    22 |       |       |       ||    22
       Robe              |       |    56 |   110 |    24 ||   190
       Troll leather arm |       |       |       |    61 ||    61
Dodge: Dodged            |    59 |   228 |   472 |   381 ||  1140
